 Dungeon Crawl Stone Soup version 0.30-a0-757-ga6a79fd877 (webtiles) character file.

Game seed: 806469621826441604

112 Newt the Skirmisher (level 5, -2/42 HPs)
             Began as a Kobold Hunter on Feb 9, 2023.
             Slain by Grinder (3 damage)
             ... on level 3 of the Dungeon.
             The game lasted 00:01:36 (1371 turns).

Newt the Skirmisher (Kobold Hunter)                 Turns: 1371, Time: 00:01:37

Health: -2/42      AC:  4    Str:  9    XL:     5   Next: 16%
Magic:  5/5        EV: 15    Int: 10    God:
Gold:   34         SH:  0    Dex: 22    Spells: 4/4 levels left

rFire   . . .      SeeInvis .    a - +0 shortbow
rCold   . . .      Faith    .    (shield currently unavailable)
rNeg    . . .      Spirit   .    c - +0 leather armour
rPois   .          Reflect  .    (no helmet)
rElec   .          Harm     .    (no cloak)
rCorr   .          Rampage  .    (no gloves)
Will    .....                    j - +0 pair of boots
Stlth   ++++                     d - amulet of regeneration
HPRegen 1.07/turn                (no ring)
MPRegen 0.09/turn                (no ring)

@: no status effects
A: small, no large weapons, nightstalker 3, thin skeletal structure 1
a: no special abilities


You were on level 3 of the Dungeon.
You visited 1 branch of the dungeon, and saw 3 of its levels.

You collected 34 gold pieces.

Inventory:

Hand Weapons
 a - a +0 shortbow (weapon)
Armour
 c - a +0 leather armour (worn)
 j - a +0 pair of boots (worn)
 l - a +0 ring mail of fire resistance
Jewellery
 d - an amulet of regeneration (around neck)
 g - a ring of fire
Scrolls
 b - 2 scrolls of immolation
 e - a scroll of fog
 f - a scroll of teleportation
 i - a scroll of enchant armour
 k - a scroll of poison


   Skills:
 - Level 10.0 Fighting
 - Level 11.7 Ranged Weapons
 + Level 2.4 Dodging
 - Level 1.3 Stealth


You had 4 spell levels left.
You didn't know any spells.
Your spell library contained the following spells:

 Spells                   Type           Power      Damage    Failure   Level
 Foxfire                  Conj/Fire      0%         2x1d4     47%         1
 Hailstorm                Conj/Ice       0%         3d3       85%         3
 Ice Form                 Ice/Tmut       0%         N/A       99%         4
 Fireball                 Conj/Fire      0%         3d3       100%        5
 Simulacrum               Ice/Necr       0%         N/A       100%        6
 Starburst                Conj/Fire      0%         6d3       100%        6
 Malign Gateway           Summ/Tloc      0%         N/A       100%        7
 Summon Horrible Things   Summ           0%         N/A       100%        8


Dungeon Overview and Level Annotations

Branches:
Dungeon (3/15)

Altars:
Cheibriados

Annotations:
D:3 Grinder


Innate Abilities, Weirdness & Mutations

You are small and have problems with some larger weapons.
You are completely attuned to the shadows.
You have a somewhat thin skeletal structure. (Dex +2, Stealth+)


Message History

You shoot an arrow. The arrow hits Grinder.
Grinder is heavily wounded.
Grinder gestures at you. Pain shoots through your body!
You shoot an arrow. The arrow hits Grinder!
Grinder is severely wounded.
Grinder gestures at you. Pain shoots through your body!
Grinder closely misses you.
You shoot an arrow. The arrow hits Grinder.
Grinder is almost dead.
Grinder hits you.
You writhe in agony.
You are too injured to fight recklessly!
You are too injured to fight recklessly!
You are too injured to fight recklessly!
You shoot an arrow. The arrow closely misses Grinder.
Grinder hits you.
You writhe in agony.
* * * LOW HITPOINT WARNING * * *
It was a potion of experience.
You feel more experienced!
Your Fighting skill gained 6 levels and is now at level 10!
Your Ranged Weapons skill gained 6 levels and is now at level 11!
Training target 5.0 for Fighting reached!
You need to enable at least one skill for training.
You have reached level 5!
You feel stronger.
Grinder says, "Mostly I couldn't keep them alive."
Grinder gestures at you. Pain shoots through your body!
* * * LOW HITPOINT WARNING * * *
It was a potion of mutation.
You feel extremely strange.
Your bones become slightly less dense.
Grinder hits you but does no damage.
Fire: a) +0 shortbow
Press: ? - help, Q - select action Shift-Dir - straight line, f/p - Grinder
Aim: Grinder (almost dead, 70% to hit)
You shoot an arrow. The arrow completely misses Grinder.
Grinder hits you.
* * * LOW HITPOINT WARNING * * *
You writhe in agony.
You die...

#. ..... #.
##..#
#.#.##..#
#.#.#...#
###.#...#.#
....#..##.#
.......##.#
........#.#
...>@...#.#
....5...#.#
........#.#
........#.#
........#.#
#.# #)#.#
#.#.# #.#.#


You could see Grinder.

Vanquished Creatures
  Terence (D:2)
  A worm (D:2)
  2 dart slugs (D:2)
  A ball python (D:2)
  2 bats (D:2)
  5 endoplasms
  A giant cockroach (D:1)
  4 hobgoblins
  2 jackals (D:2)
  2 frilled lizards (D:2)
  A goblin (D:2)
  3 kobolds (D:2)
25 creatures vanquished.

Notes
Turn   | Place    | Note
-------+----------+-------------------------------------------
     0 | D:1      | Newt the Kobold Hunter began the quest for the Orb.
     0 | D:1      | Reached XP level 1. HP: 12/12 MP: 1/1
   450 | D:1      | Reached XP level 2. HP: 18/18 MP: 2/2
   846 | D:2      | Found a snail-covered altar of Cheibriados.
   948 | D:2      | Reached XP level 3. HP: 23/23 MP: 3/3
  1170 | D:2      | Noticed Terence
  1182 | D:2      | Killed Terence
  1183 | D:2      | Reached XP level 4. HP: 28/30 MP: 4/4
  1362 | D:3      | Noticed Grinder
  1369 | D:3      | Reached skill level 10 in Fighting
  1369 | D:3      | Reached skill level 11 in Ranged Weapons
  1369 | D:3      | Reached XP level 5. HP: 7/42 MP: 5/5
  1370 | D:3      | Gained mutation: You have a somewhat thin skeletal
                  | structure. (Dex +2, Stealth+) [potion of mutation]
  1371 | D:3      | HP: 1/42 [Grinder (4)]
  1371 | D:3      | Slain by Grinder

Illustrated notes

Levels and vault maps discovered:
D:1:      amcnicky_arrival_abandoned_market, layout_basic, chequers_avenue
D:2:      layout_rooms, basic_altar, uniq_terence
D:3:      layout_basic, chequers_serial_rivers_micro_c, uniq_grinder

Skill      XL: |  1  2  3  4 |
---------------+-------------+-----
Fighting       | 3 4 10 | 10.0
Ranged Weapons | 11 | 11.7
Dodging        | |  2.4
Stealth        | |  1.3

Action                     |  1- 3 |  4- 6 || total
---------------------------+-------+-------++-------
   Fire: Shortbow          |    68 |     7 ||    75
    Use: Scroll            |     4 |     1 ||     5
         Potion            |       |     2 ||     2
 Armour: Leather armour    |     6 |     1 ||     7
  Dodge: Dodged            |    16 |     1 ||    17

Table legend: (Time is in decaauts)
 A = Elapsed time spent in this place.
 B = Non-inter-level travel time spent in this place.
 C = Inter-level travel time spent in this place.
 D = Time resting spent in this place.
 E = Time spent auto-exploring this place.
 F = Levels seen in this place.
 G = Mean time per level.
                   A        B        C        D        E       F      G
               +--------+--------+--------+--------+--------+-----+--------+
         Total |   1391 |   1361 |     30 |      0 |   1171 |   3 |  463.7 |
       Dungeon |   1391 |   1361 |     30 |      0 |   1171 |   3 |  463.7 |
               +--------+--------+--------+--------+--------+-----+--------+

Top non-repeatable levels by time:
     D:1: 756 daAuts
     D:2: 542 daAuts
     D:3: 92 daAuts
